 Dungeon Crawl Stone Soup version 0.31-a0-188-g5e087ee2ca (webtiles) character file.

Game seed: 317112864058870723

72 qw the Shooter (level 4, 0/25 HPs)
             Began as a Deep Elf Hunter on June 23, 2023.
             Slain by Grinder (3 damage)
             ... on level 3 of the Dungeon.
             The game lasted 00:00:23 (1272 turns).

qw the Shooter (Deep Elf Hunter)                    Turns: 1272, Time: 00:00:23

Health: 0/25       AC:  3    Str: 10    XL:     4   Next: 6%
Magic:  6/6        EV: 12    Int: 14    God:
Gold:   116        SH:  0    Dex: 18    Spells: 3/3 levels left

rFire   . . .        Y - +0 shortbow
rCold   . . .        (shield currently unavailable)
rNeg    . . .        c - +0 leather armour
rPois   .            (no helmet)
rElec   .            (no cloak)
rCorr   .            (no gloves)
SInv    .            (no boots)
Will    .....        (no amulet)
Stlth   ++           (no ring)
HPRegen 0.24/turn    (no ring)
MPRegen 0.10/turn

%: no passive effects
@: no status effects
A: no striking features
a: no special abilities


You were on level 3 of the Dungeon.
You visited 1 branch of the dungeon, and saw 3 of its levels.

You collected 116 gold pieces.


   Skills:
 - Level 1.5 Fighting
 + Level 7.5 Ranged Weapons
 - Level 2.4 Dodging
 - Level 1.2 Stealth


You had 3 spell levels left.
You didn't know any spells.
Your spell library was empty.

Inventory:

Hand Weapons
 Y - a +0 shortbow (weapon)
Armour
 a - a +0 ring mail
 c - a +0 leather armour (worn)
Jewellery
 f - a ring of resist corrosion
 i - a ring of wizardry
Scrolls
 b - 2 scrolls of amnesia {unknown}
 g - a scroll of identify {unknown}
 h - 2 scrolls of revelation {unknown}
Potions
 d - a potion of brilliance {unknown}
 e - a potion of attraction {unknown}

Dungeon Overview and Level Annotations

Branches:
Dungeon (2/15)

Altars:
Zin

Annotations:
D:3 Grinder


Message History

a +0 trident; an orc corpse You see here a +0 club.
You now have 116 gold pieces (gained 8).
You see here a +0 club.
Things that are here:
a +0 trident; an orc corpse You see here a +0 hand axe.
You see here a ball python corpse.
Grinder comes into view.
You shoot an arrow.
The arrow hits Grinder but does no damage.
Grinder shouts!
A kobold comes into view.
It is wielding a +0 short sword and quivering poisoned darts.
You shoot an arrow. The kobold shouts!
The arrow hits Grinder!
Grinder is lightly wounded.
You shoot an arrow. The arrow barely misses Grinder.
You shoot an arrow. The arrow hits Grinder.
Grinder is moderately wounded.
Grinder gestures at you. You resist with significant effort.
You shoot an arrow.
The arrow hits Grinder but does no damage.
Grinder is moderately wounded.
You shoot an arrow. The arrow hits Grinder!
Grinder is heavily wounded.
Grinder gestures at you. You resist with significant effort.
You shoot an arrow. The arrow closely misses Grinder.
The arrow hits the kobold!
You kill the kobold!
You shoot an arrow.
The arrow hits Grinder but does no damage.
Grinder is heavily wounded.
Grinder hits you.
You writhe in agony.
You shoot an arrow. The arrow closely misses Grinder.
Grinder hits you!
You writhe in agony.
You shoot an arrow. The arrow closely misses Grinder.
Grinder hits you.
You writhe in agony.
You die...

#..#.>.### ##..##
#...# #.#.#
##.#.#####...
#..#.......#
#.##..######
#.#.#####%#.....#
....).5@....###.###
.##.###.#####
#...##### ...#
###.#...# #####
###)).....#
#######.).###...#
#....)..### #...#
######### #####


You could see Grinder.

Vanquished Creatures
  Natasha (D:2)
  An adder (D:3)
  A worm (D:1)
  4 orcs (D:3)
  5 endoplasms
  A giant cockroach (D:2)
  4 hobgoblins (D:1)
  A quokka (D:2)
  3 ball pythons (D:3)
  3 bats (D:1)
  A frilled lizard (D:1)
  3 kobolds
  2 rats (D:1)
30 creatures vanquished.

Notes
Turn   | Place    | Note
-------+----------+-------------------------------------------
     0 | D:1      | qw the Deep Elf Hunter began the quest for the Orb.
     0 | D:1      | Reached XP level 1. HP: 12/12 MP: 3/3
     0 | D:1      | 0 ||| qw: Version: 0.3-a-9-g12657ce
     0 | D:1      | 0 ||| qw: Game counter: 4210
     0 | D:1      | 0 ||| qw: Always use a shield: true
     0 | D:1      | 0 ||| qw: God list: Okawaru
     0 | D:1      | 0 ||| qw: Allow faded altars: false
     0 | D:1      | 0 ||| qw: Do Orc after D:15 true
     0 | D:1      | 0 ||| qw: Do second Lair branch before Depths: true
     0 | D:1      | 0 ||| qw: Lair rune preference: random
     0 | D:1      | 0 ||| qw: Plans: Normal
     0 | D:1      | 0 ||| PLANNING D:1-11
   435 | D:1      | Reached skill level 6 in Ranged Weapons
   435 | D:1      | Reached XP level 2. HP: 16/16 MP: 4/4
   732 | D:1      | 732 ||| READING scroll labelled ORETOCZ UHOLEE.
   733 | D:1      | 733 ||| DROPPING scroll of butterflies.
   831 | D:2      | 831 ||| STAIRDANCE
   960 | D:2      | Found a glowing silver altar of Zin.
   994 | D:2      | Noticed Natasha
   999 | D:2      | Killed Natasha
  1000 | D:2      | Reached skill level 7 in Ranged Weapons
  1000 | D:2      | Reached XP level 3. HP: 20/20 MP: 5/5
  1166 | D:2      | You fall into a shaft and drop 1 floor!
  1235 | D:3      | Reached XP level 4. HP: 25/25 MP: 6/6
  1262 | D:3      | Noticed Grinder
  1271 | D:3      | HP: 5/25 [Grinder (2)]
  1272 | D:3      | Slain by Grinder

Levels and vault maps discovered:
D:1:      heliophobic_arrival_henge, layout_basic
D:2:      layout_loops_cross, basic_altar, uniq_natasha
D:3:      layout_rooms, marbit_many_paths, uniq_grinder

Skill      XL: |  1  2 |
---------------+-------+-----
Ranged Weapons | 6 7 |  7.5
Fighting       | |  1.5
Dodging        | |  2.4
Stealth        | |  1.2

Action                     |  1- 3 |  4- 6 || total
---------------------------+-------+-------++-------
   Fire: Shortbow          |    84 |    12 ||    96
    Use: Scroll            |     1 |       ||     1
 Armour: Leather armour    |    16 |       ||    16
  Dodge: Dodged            |    27 |       ||    27

Table legend:
 A = Non-vault XP
 B = Vault XP
 C = Vault XP percentage of total XP
 D = Non-vault monster count
 E = Vault monster count
 F = Vault count percentage of total count
                 A         B        C        D         E       F
            +---------+---------+-------+---------+---------+-------
      Total |      68 |      35 |  34.0 |      29 |       1 |   3.3
            +---------+---------+-------+---------+---------+-------
        D:1 |      26 |       0 |   0.0 |      15 |       0 |   0.0
        D:2 |      10 |      35 |  77.8 |       5 |       1 |  16.7
        D:3 |      32 |       0 |   0.0 |       9 |       0 |   0.0
            +---------+---------+-------+---------+---------+-------
